 Dungeon Crawl Stone Soup version 0.23.0-3-gf3c87f2 (webtiles) character file.

Game seed: 2016450232262533526

131 Borgoz the Skirmisher (level 5, -4/41 (44) HPs)
             Began as a Ghoul Warper on Feb 24, 2019.
             Slain by a sky beast (5 damage)
             ... on level 4 of the Dungeon.
             The game lasted 00:04:21 (2410 turns).

Borgoz the Skirmisher (Ghoul Warper)                Turns: 2410, Time: 00:04:22

HP:   -4/41 (44)    AC:  3    Str: 20    XL:     5   Next: 14%
MP:   7/7           EV: 11    Int: 13    God:
Gold: 153           SH:  0    Dex:  9    Spells: 8/8 levels left

rFire    . . .     SeeInvis .     - Unarmed
rCold    + . .     Gourm    .   (no shield)
rNeg     + + +     Faith    .   a - +0 leather armour
rPois    ∞         Spirit   .   (no helmet)
rElec    .         Reflect  .   (no cloak)
rCorr    .         Harm     .   (no gloves)
MR       .....                  (no boots)
Stlth    ..........             l - amulet of the acrobat
HPRegen  0.00/turn              p - ring of attention (curse)
MPRegen  0.10/turn              (no ring)

@: mighty, brilliant, rotting, heavily drained
A: rotting body, claws 1, carnivore, cold resistance 1, negative energy
resistance 3, inhibited regeneration, torment resistance, unbreathing
a: no special abilities


You were on level 4 of the Dungeon.
You were not hungry.

You visited 1 branch of the dungeon, and saw 4 of its levels.

You collected 153 gold pieces.

Inventory:

Missiles
 d - 5 tomahawks of dispersal (quivered)
 g - 6 tomahawks
Armour
 a - a +0 leather armour (worn)
Jewellery
 j - a +3 amulet of reflection
 l - an amulet of the acrobat (around neck)
 p - a cursed ring of attention (left claw)
Scrolls
 c - a scroll of blinking
 k - a scroll of fog
 q - a scroll of magic mapping
Potions
 i - 3 potions of curing
 n - a potion of cancellation
Comestibles
 f - 2 rations


   Skills:
 + Level 2.9(1.3) Fighting
 - Level 0.8(0.0) Throwing
 + Level 1.9(0.3) Armour
 + Level 2.4(0.8) Dodging
 + Level 2.2(0.6) Stealth
 + Level 2.9(1.3) Unarmed Combat
 + Level 2.3(0.7) Spellcasting
   Level 2.6(1.0) Translocations


You had 8 spell levels left.
You didn't know any spells.
Your spell library contained the following spells:

 Spells                   Type           Power        Failure   Level  Hunger
 Blink                    Tloc           N/A          4%          2    ###....
 Shroud of Golubria       Chrm/Tloc      #.........   4%          2    ###....
 Gell's Gravitas          Tloc           ##........   8%          3    ####...
 Lesser Beckoning         Tloc           ##........   8%          3    ####...
 Teleport Other           Tloc           ##......     8%          3    ####...
 Passage of Golubria      Tloc           N/A          22%         4    #####..


Dungeon Overview and Level Annotations

Branches:
Dungeon (4/15)
 Temple: D:4-7

Altars:


Innate Abilities, Weirdness & Mutations

Your body is rotting away.
You thrive on raw meat.
You are immune to poison.
You have sharp fingernails.
You are carnivorous and can eat meat at any time.
Your flesh is cold resistant. (rC+)
You are immune to negative energy. (rN+++)
You do not regenerate when monsters are visible.
You are immune to unholy pain and torment.
You can survive without breathing.


Message History

* * * LOW HITPOINT WARNING * * *
You completely miss something.
You feel less invigorated.
You feel less confused. Something hits you but does no damage.
You miss something. Something hits you but does no damage.
You closely miss something. Something hits you but does no damage.
You miss something. Something hits you.
* * * LOW HITPOINT WARNING * * *
Something shocks you.
* * * LOW HITPOINT WARNING * * *
It was a potion of brilliance.
You feel clever all of a sudden.
It was a potion of might.
You feel very mighty all of a sudden.
A sky beast appears from thin air!
Reactivating autopickup.
The sky beast hits you.
* * * LOW HITPOINT WARNING * * *
The sky beast shocks you.
You die...

#####* .....# #....# #....#
######### #....###
#........ ^>.....#
####.#######
.......###############....#
.........†....wY@......####
#....##.################
.....##.# #....##.# *******
#....##.# *,,,,,*
#.###...#*********,,,,,*
.#* *#.#.,,,,,,,,,,,,,,* .*
*.*.*********,,,,,* # ,**
*#.*.* *,,,,,* #


You could see a sky beast and a worm.

Vanquished Creatures
  An orc wizard (D:3)
  3 adders
  3 oozes (D:2)
  A worm (D:2)
  3 leopard geckos
  4 orcs (D:3)
  6 bats
  5 giant cockroaches
  2 hobgoblins (D:1)
  4 jackals
  A quokka (D:2)
  6 frilled lizards
  6 goblins (D:1)
  5 kobolds
  7 rats
57 creatures vanquished.

Notes
Turn   | Place    | Note
-------+----------+-------------------------------------------
     0 | D:1      | Borgoz the Ghoul Warper began the quest for the Orb.
     0 | D:1      | Reached XP level 1. HP: 17/17 MP: 2/2
    80 | D:1      | Reached skill level 1 in Armour
    85 | D:1      | Reached XP level 2. HP: 16/24 MP: 3/3
    87 | D:1      | Reached skill level 1 in Stealth
   393 | D:1      | Reached XP level 3. HP: 30/30 MP: 4/4
   919 | D:2      | Reached XP level 4. HP: 26/37 MP: 6/6
   977 | D:2      | Found a faded altar of an unknown god.
  1728 | D:3      | Reached XP level 5. HP: 30/43 MP: 7/7
  2366 | D:4      | Noticed a sky beast
  2410 | D:4      | HP: 1/41 [sky beast (3)]
  2410 | D:4      | Slain by a sky beast

Skill      XL: |  1  2  3  4 |
---------------+-------------+-----
Armour         | 1 |  1.9
Stealth        | 1 2 |  2.2
Dodging        | 2 |  2.4
Spellcasting   | 2 |  2.3
Fighting       | |  2.9
Throwing       | |  0.8
Unarmed Combat | |  2.9
Translocations | |  2.6

Action                   |  1- 3 |  4- 6 || total
-------------------------+-------+-------++-------
Melee: Unarmed           |   145 |   111 ||   256
       Punch             |       |     1 ||     1
  Use: Scroll            |       |     8 ||     8
       Potion            |       |     4 ||     4
 Stab: Sleeping          |     1 |       ||     1
  Eat: Chunk             |    15 |     9 ||    24
Armor: Leather armour    |    32 |    15 ||    47
Dodge: Dodged            |    84 |    67 ||   151
Block: Other             |     8 |     6 ||    14
